 Dungeon Crawl Stone Soup version 0.24.0-37-gcf1ca852f1 (webtiles) character file.

Game seed: 6290954249555760081, levelgen mode: deterministic

47 MisterFreud the Conjurer (level 3, 0/26 HPs)
             Began as a Human Wanderer on Dec 6, 2019.
             Slain by Natasha (3 damage)
             ... on level 2 of the Dungeon.
             The game lasted 00:05:55 (2167 turns).

MisterFreud the Conjurer (Human Wanderer)           Turns: 2167, Time: 00:05:56

Health: 0/26       AC:  2    Str: 12    XL:     3   Next: 97%
Magic:  3/7        EV: 11    Int: 13    God:
Gold:   82         SH:  0    Dex: 12    Spells: 7/8 levels left

rFire    . . .     SeeInvis .   a - +0 club
rCold    . . .     Gourm    .   (no shield)
rNeg     . . .     Faith    .   c - +0 robe
rPois    .         Spirit   .   (no helmet)
rElec    .         Reflect  .   (no cloak)
rCorr    .         Harm     .   (no gloves)
MR       .....                  (no boots)
Stlth    ++........             (no amulet)
HPRegen  0.08/turn              (no ring)
MPRegen  0.10/turn              (no ring)

@: slowed, very slow
A: no striking features
a: no special abilities


You were on level 2 of the Dungeon.
You were near starving.

You visited 1 branch of the dungeon, and saw 2 of its levels.

You collected 82 gold pieces.

Inventory:

Hand Weapons
 a - a +0 club (weapon)
Missiles
 d - 6 curare-tipped darts (quivered)
 e - 40 stones
 g - 11 bolts
 l - 22 arrows
Armour
 c - a +0 robe (worn)
Scrolls
 k - a scroll of teleportation {unknown}
Potions
 b - a potion of lignification
Comestibles
 f - 5 rations


   Skills:
 - Level 1.0 Fighting
 - Level 2.0 Maces & Flails
 - Level 2.0 Armour
 - Level 1.0 Stealth
   Level 1.0 Shields
 + Level 3.1 Spellcasting
 + Level 3.1 Conjurations


You had 7 spell levels left.
You knew the following spells:

 Your Spells              Type           Power        Failure   Level  Hunger
a - Magic Dart            Conj           ##..         6%          1    #......

Your spell library contained the following spells:

 Spells                   Type           Power        Failure   Level  Hunger
 Blink                    Tloc           N/A          34%         2    ##.....
 Call Imp                 Summ           #.......     34%         2    ##.....
 Slow                     Hex            #.......     34%         2    ##.....
 Conjure Flame            Conj/Fire      #.......     34%         3    ###....
 Mephitic Cloud           Conj/Pois/Air  #.......     41%         3    ###....


Dungeon Overview and Level Annotations

Branches:
Dungeon (2/15)

Altars:

Annotations:
D:2 Natasha


Message History

Aiming: Magic Dart (safe; 6% risk of failure)
Press: ? - help, Shift-Dir - straight line, f/p - Natasha
Aim: Natasha (severely wounded)
The magic dart hits Natasha.
Natasha is almost dead.
Natasha claws you.
* * * LOW HITPOINT WARNING * * *
The shadow imp grinds its teeth.
Natasha barely misses you.
Unknown command.
Casting: Magic Dart (safe; 6% risk of failure)
Confirm with . or Enter, or press ? or * to list all spells.
Aiming: Magic Dart (safe; 6% risk of failure)
Press: ? - help, Shift-Dir - straight line, f/p - Natasha
Aim: Natasha (almost dead)
The magic dart hits Natasha.
Natasha is almost dead.
The shadow imp shouts, "Out, out, thou fobbing wibble-sucking bladder!"
Natasha claws you.
You die...

#.# ... #.# #.#
#.# ##.####.#
#.#
.#####.l.....#
#.#######
.......?#
#.......#
#######.#
#######.# #.#
#.###########.#
#.........@h5.#
###############


You could see Natasha and a shadow imp.

Vanquished Creatures
  3 leopard geckos
  2 giant cockroaches
  12 goblins
  3 hobgoblins
  3 jackals (D:2)
  4 bats
  4 frilled lizards
  3 kobolds (D:1)
  7 rats
41 creatures vanquished.

Notes
Turn   | Place    | Note
-------+----------+-------------------------------------------
     0 | D:1      | MisterFreud the Human Wanderer began the quest for the Orb.
     0 | D:1      | MisterFreud set off with the following items: a +0 club, 2
                  | potions of lignification, a +0 robe, a ration; and the
                  | following spell memorised: Magic Dart; and the following
                  | spells available to memorise: Blink, Call Imp, Slow,
                  | Conjure Flame, Mephitic Cloud
     0 | D:1      | Reached XP level 1. HP: 15/15 MP: 4/4
    31 | D:1      | Reached skill level 1 in Conjurations
   244 | D:1      | Reached XP level 2. HP: 13/21 MP: 3/6
   797 | D:1      | Reached XP level 3. HP: 24/26 MP: 7/7
  2134 | D:2      | Noticed Natasha
  2167 | D:2      | Slain by Natasha

Levels and vault maps discovered:
D:1:      tarquinn_simple_flora_water_c, layout_basic, minmay_misc_feat_iff
D:2:      layout_loops_ring, first_ration, hangedman_decor_opposing,
          uniq_natasha, uniq_crazy_yiuf_cottage

Skill      XL: |  1  2  3 |
---------------+----------+-----
Conjurations   | 1 2 3 |  3.1
Fighting       | |  1.0
Maces & Flails | |  2.0
Armour         | |  2.0
Stealth        | |  1.0
Shields        | |  1.0
Spellcasting   | |  3.1

Action                   || total
-------------------------++-------
Melee: Club              ||   122
 Cast: Magic Dart        ||    49
  Use: Potion            ||     4
       Scroll            ||     1
 Stab: Sleeping          ||     3
  Eat: Chunk             ||     3
Armor: Robe              ||    33
       Skin              ||    32
Dodge: Dodged            ||    91
